 Dungeon Crawl Stone Soup version 0.17.1-1-g73c8601 (webtiles) character file.

125411 Genom09 the Spry (level 16, -5/118 HPs)
             Began as a Merfolk Transmuter on Dec 20, 2015.
             Was the Champion of Cheibriados.
             Engulfed by a cloud of spectral mist (13 damage)
             ... on level 2 of the Swamp.
             The game lasted 03:41:23 (25503 turns).

Genom09 the Spry (Merfolk Transmuter)              Turns: 25503, Time: 03:41:24

Health: -5/118     AC:  2    Str: 30    XL:     16   Next: 95%
Magic:  19/26      EV: 46    Int: 28    God:    Cheibriados [******]
Gold:   2452       SH:  0    Dex: 36    Spells: 4 memorised, 12 levels left

rFire  . . .     SeeInvis .       - Unarmed
rCold  . . .     Clarity  .     (armour currently unavailable)
rNeg   . . .     SustAt   .     (shield currently unavailable)
rPois  x         Gourm    .     (helmet currently unavailable)
rElec  .         Spirit   .     (cloak currently unavailable)
rCorr  .         Warding  .     (gloves currently unavailable)
rMut   .         Stasis   .     (boots currently unavailable)
MR     +....                    N - amulet of faith
Stlth  +++.......               (no ring)
                                l - +3 ring of evasion

@: spider-form, repel missiles, very slow, somewhat resistant to hostile
enchantments, fairly stealthy
A: (change form in water), (swift swim), (yellow scales 0), blurry vision 1,
(fire resistance 0), high mp 1, evolution 1
a: End Transformation, Bend Time, Temporal Distortion, Slouch, Step From Time,
Renounce Religion


You were on level 2 of the Swamp.
You worshipped Cheibriados.
Cheibriados was exalted by your worship.
You were not hungry.
You were a venomous arachnid creature.
You visited 4 branches of the dungeon, and saw 29 of its levels.
You also visited: Ossuary, Bailey, Ice Cave and Volcano.

You collected 3687 gold pieces.
You spent 1235 gold pieces at shops.

Inventory:

Missiles
 J - 471 arrows
Armour
 f - a +1 cloak of magic resistance
 o - a +1 helmet of see invisible (melded)
 r - the +0 cloak of Restlessness (melded) {rPois Slay+3 Stlth+}
   (You bought it in a shop on level 4 of the Orcish Mines)

   It affects your accuracy and damage with ranged weapons and melee attacks
   (+3).
   It protects you from poison.
   It makes you more stealthy.
 s - a +4 plate armour of fire resistance
 x - a +0 pair of boots (melded)
 R - a +7 plate armour of ponderousness
 W - a +3 chain mail of fire resistance (melded)
 X - a +2 pair of gloves (melded)
Jewellery
 g - an uncursed amulet of guardian spirit
 j - an uncursed amulet of warding
 l - a +3 ring of evasion (left front leg)
 m - an uncursed ring of flight
 y - an uncursed ring of positive energy
 K - an uncursed ring of fire
 N - an amulet of faith (around neck)
 O - an uncursed ring of protection from cold
 U - an uncursed amulet of resist mutation
Wands
 B - a wand of slowing (0)
 I - a wand of disintegration (7)
 P - a wand of digging (7)
 T - a wand of cold (4)
 Y - a wand of fireball (8)
Scrolls
 i - 7 scrolls of immolation
 p - 5 scrolls of teleportation
 q - 4 scrolls of magic mapping
 t - 5 scrolls of fear
 u - 3 scrolls of enchant armour
 v - a scroll of silence
 w - a scroll of fog {unknown}
 z - 2 scrolls of summoning {unknown}
 C - 8 scrolls of remove curse
 E - a scroll of identify
 F - a scroll of enchant weapon
 G - 5 scrolls of recharging
 H - 2 scrolls of blinking
Potions
 c - a potion of lignification {unknown}
 e - 5 potions of might
 h - 5 potions of heal wounds
 k - 8 potions of curing
 n - a potion of brilliance {unknown}
 L - a potion of invisibility
 M - 3 potions of agility {unknown}
 V - a potion of resistance
Miscellaneous
 b - a stone of tremors
Comestibles
 a - a meat ration
 d - 14 bread rations
 D - 6 chunks of flesh


   Skills:
 - Level 8.4 Fighting
 * Level 8.2 Armour
 + Level 16.3 Dodging
 + Level 15.3 Unarmed Combat
 - Level 4.6 Spellcasting
 - Level 6.7 Charms
 + Level 14.1 Transmutations
 - Level 6.7 Air Magic
 - Level 2.9 Poison Magic
 + Level 10.3 Invocations
 - Level 6.6 Evocations


You had 12 spell levels left.
You knew the following spells:

 Your Spells              Type           Power        Failure   Level  Hunger
b - Sticks to Snakes      Trmt           ######....   1%          2    None
c - Spider Form           Trmt/Pois      ######....   4%          3    #......
d - Blade Hands           Trmt           ######....   4%          5    #####..
e - Repel Missiles        Chrm/Air       #####.       4%          2    None


Dungeon Overview and Level Annotations

Branches:
Dungeon (15/15)            Temple (0/1) D:7            Lair (8/8) D:11
  Swamp (2/4) Lair:6       Spider (0/4) Lair:3        Slime (0/6) Lair:8
    Orc (4/4) D:11            Elf (0/3) Orc:4        Vaults (0/5) D:13
 Depths (0/5) D:15

Altars:
Ashenzari
Cheibriados
Dithmenos
Kikubaaqudgha
Makhleb
Nemelex Xobeh
Okawaru
Qazlal
Ru
Sif Muna
Trog
Vehumet
Yredelemnul
Zin
The Shining One
Beogh

Shops:
D:10 *[%   D:15 }*   Orc:2 }   Orc:4 [=**

Annotations:
D:13 exclusion: door


Innate Abilities, Weirdness & Mutations

((You revert to your normal form in water.))
((You are very nimble and swift while swimming.))
((You are partially covered in yellow scales (AC +2).))
Scrolls take you a little longer to read.
((Your flesh is heat resistant.))
You have an increased reservoir of magic (+10% MP).
You evolve.


Message History

* * * LOW HITPOINT WARNING * * *
The spectral killer bee misses you.
The spectral spriggan closely misses you.
The spectral swamp dragon bites you!
* * * LOW HITPOINT WARNING * * *
The spectral swamp dragon completely misses you.
The spectral swamp dragon tramples you.
* * * LOW HITPOINT WARNING * * *
The spectral killer bee misses you. The ghost crab bites you!
* * * LOW HITPOINT WARNING * * *
The ghost crab completely misses you.
Unknown command.
Unknown command.
Unknown command.
You can feel time thicken for a moment.
You kill the ghost crab!
Cheibriados appreciates the change of pace.
You destroy the spectral killer bee!
You feel somewhat more hungry.
You are engulfed in spectral mist.
You die...

≈§u♣..♣.♣♣
≈≈"♣≈..≈≈...♣♣
...≈≈≈≈≈≈.≈..
≈≈...≈≈≈≈.≈.♣♣
≈..≈..≈≈≈≈≈..♣≈≈
.≈≈≈.♣≈≈≈§≈♣≈...♣ ≈≈
♣≈..♣§§§≈≈≈.♣♣.♣
≈≈≈≈♣♣Z.sZZ.≈≈.♣≈≈♣♣
.≈..Z...Z†≈..≈♣♣≈.≈♣
♣♣♣♣♣♣♣.≈≈≈≈≈.....≈♣♣
♣.≈≈≈≈≈≈≈≈≈≈..♣♣♣
♣..≈≈≈≈≈≈.....≈≈♣♣♣
♣♣...........≈≈≈≈.≈
♣.≈♣≈≈≈.....≈≈≈≈.≈
♣≈≈≈.≈≈≈♣≈≈<.§♣≈.≈
♣.≈≈≈≈≈.≈≈≈≈≈.♣≈..


You could see a purple ugly thing (sleeping), 2 spectral giant leeches, a
spectral seven-headed hydra, a spectral swamp dragon and a spectral spriggan.

Vanquished Creatures
  Gastronok (Lair:1)
  Donald (Orc:3)
  Maud (Lair:8)
  A salamander stormcaller (D:15)
  Josephine (Swamp:1)
  A vault guard (D:13)
  Erolcha (D:13)
  The ghost of karlm the Blocker, a journeyman GrFi of Okawaru (Lair:4)
  A great orb of eyes (D:15)
  A naga warrior (D:13)
  10 hydras
  A catoblepas (Lair:5)
  A ghost crab (Swamp:2)
  Erica (Lair:2)
  6 centaur warriors
  2 alligators (Swamp:1)
  The ghost of Gargoyl the Protected, a novice DsAK of Lugonu (IceCv)
  A queen ant (Lair:1)
  A tengu warrior (D:15)
  8 death yaks
  5 orc high priests (Orc:4)
  Sonja (Lair:2)
  3 skeletal warriors (D:14)
  An ice devil (IceCv)
  A wizard (D:14)
  A swamp dragon (shapeshifter) (D:15)
  10 hill giants
  6 orc knights
  An unseen horror (D:11)
  Pikel (D:4)
  2 swamp dragons (Swamp:1)
  3 griffons
  A necromancer (IceCv)
  2 ugly things
  A salamander (D:15)
  3 orc sorcerers
  2 manticores
  3 toenail golems (Volcano)
  2 centaur zombies
  3 cyclopes (D:13)
  5 elephants
  2 ice statues (IceCv)
  3 black mambas
  Psyche (D:12)
  A torpor snail (Lair:8)
  A black mamba (shapeshifter) (D:15)
  5 gargoyles
  12 komodo dragons
  An eye of devastation (Lair:8)
  2 fire drakes
  A tengu conjurer (D:15)
  A harpy zombie (D:15)
  A kobold demonologist (D:11)
  23 spiny frogs
  A spriggan druid (Lair:8)
  5 blue devils (IceCv)
  3 two-headed ogres
  5 trolls
  Grinder (D:5)
  13 polar bears
  Prince Ribbit (D:5)
  30 blink frogs
  A bog body (Swamp:1)
  8 slime creatures
  38 yaks
  A water elemental (D:12)
  Sigmund (D:2)
  2 wyverns
  3 redbacks (Lair:8)
  5 basilisks
  5 wraiths
  2 shadows (Swamp:1)
  10 spriggans (Lair:8)
  Eustachio (D:4)
  2 vampires
  2 hungry ghosts
  3 vampire mosquitoes (D:14)
  A deep elf mage (D:13)
  A steam dragon (Lair:4)
  8 hippogriffs
  A mottled dragon (D:13)
  Edmund (D:5)
  35 wolves
  11 water moccasins
  21 soldier ants
  6 humans (Volcano)
  8 swamp worms
  8 spiders (Lair:3)
  3 wargs
  4 wasps
  32 orc warriors
  9 black bears
  10 porcupines
  2 phantoms
  16 ogres
  A slave (D:4)
  An eye of draining (Lair:8)
  A sky beast (D:7)
  20 centaurs
  4 ice beasts
  A big kobold (D:15)
  A brain worm (shapeshifter) (D:15)
  9 crocodiles
  A wyvern zombie (D:14)
  A brain worm (D:11)
  16 giant frogs
  8 gnoll sergeants (Bailey)
  3 wyvern skeletons
  4 wights
  2 scorpions
  4 killer bees (D:10)
  7 electric eels
  5 crimson imps
  4 giant frog zombies
  42 orc priests
  6 gnoll shamans (Bailey)
  2 quasits
  11 jellies
  38 orc wizards
  28 worker ants
  4 centaur skeletons
  12 hounds
  9 iguanas
  Jessica (D:2)
  4 troll simulacra (IceCv)
  A centaur simulacrum (IceCv)
  13 sheep
  A hound skeleton (D:6)
  2 worker ant zombies
  Robin (D:4)
  4 naga simulacra (IceCv)
  An ogre simulacrum (IceCv)
  12 adders
  17 gnolls
  39 river rats
  5 shadow imps
  12 white imps (D:15)
  9 oozes
  An adder zombie (D:6)
  4 worms
  7 giant geckos
  231 orcs
  A ball python (D:2)
  7 hobgoblins
  8 jackals
  8 kobolds
  4 quokkas
  3 ball python skeletons (Ossuary)
  6 bats
  7 giant cockroaches
  A giant cockroach zombie (D:6)
  2 giant newts (D:1)
  15 goblins
  2 hobgoblin skeletons (Ossuary)
  2 orc skeletons (Ossuary)
  An orc zombie (Ossuary)
  4 rats
  A bush (Lair:4)
  A butterfly (Lair:4)
  2 fungi (D:2)
  4 plants
1162 creatures vanquished.

Vanquished Creatures (collateral kills)
  A torpor snail (Lair:5)
  A wraith (Ossuary)
  A basilisk (D:13)
  A vampire mosquito (D:13)
  The ghost of miszar the Skirmisher, an amateur CeFi of Ru (D:4)
  A giant frog zombie (D:12)
  3 orcs
  A giant newt (D:4)
10 creatures vanquished.

Vanquished Creatures (others)
  An orc wizard (D:15)
  A worker ant (D:4)
  A sheep (Lair:3)
  20 fungi
  15 plants
38 creatures vanquished.

Grand Total: 1210 creatures vanquished

Notes
Turn   | Place    | Note
--------------------------------------------------------------
     0 | D:1      | Genom09 the Merfolk Transmuter began the quest for the Orb.
     0 | D:1      | Reached XP level 1. HP: 15/15 MP: 3/3
   327 | D:1      | Reached XP level 2. HP: 21/21 MP: 3/5
   334 | D:1      | Learned a level 2 spell: Sticks to Snakes
   494 | D:1      | Reached skill level 4 in Transmutations
   973 | D:2      | Reached XP level 3. HP: 21/26 MP: 4/6
  1110 | D:2      | Reached skill level 5 in Transmutations
  1129 | D:2      | Learned a level 3 spell: Spider Form
  1233 | D:2      | Noticed Sigmund
  1567 | D:2      | Noticed Jessica
  1580 | D:2      | Killed Jessica
  1580 | D:2      | Reached XP level 4. HP: 29/32 MP: 1/7
  1604 | D:2      | Reached skill level 6 in Transmutations
  1939 | D:2      | Found a shattered altar of Ashenzari.
  1946 | D:2      | Reached skill level 1 in Poison Magic
  1964 | D:2      | Reached XP level 5. HP: 23/37 MP: 0/8
  2081 | D:2      | Found a basalt altar of Yredelemnul.
  2081 | D:2      | Found a sparkling altar of Nemelex Xobeh.
  2463 | D:2      | Killed Sigmund
  2463 | D:2      | Reached XP level 6. HP: 41/43 MP: 2/9
  2543 | D:3      | Found a glowing silver altar of Zin.
  2798 | D:3      | Found a snail-covered altar of Cheibriados.
  2830 | D:3      | Found a glowing golden altar of the Shining One.
  2873 | D:3      | Became a worshipper of Cheibriados the Contemplative
  2913 | D:3      | Found a burning altar of Makhleb.
  2984 | D:3      | Found a stormy altar of Qazlal.
  3197 | D:4      | Noticed Robin
  3200 | D:4      | Noticed Eustachio
  3248 | D:4      | Noticed Pikel
  3274 | D:4      | Killed Pikel
  3274 | D:4      | Reached skill level 5 in Dodging
  3274 | D:4      | Reached skill level 5 in Unarmed Combat
  3274 | D:4      | Reached skill level 7 in Transmutations
  3274 | D:4      | Reached XP level 7. HP: 20/48 MP: 6/10
  3312 | D:4      | Noticed miszar's ghost (amateur CeFi)
  3333 | D:4      | Killed Robin
  3333 | D:4      | Reached * piety under Cheibriados
  3378 | D:4      | Killed miszar's ghost
  3378 | D:4      | Reached XP level 8. HP: 25/54 MP: 2/11
  3449 | D:4      | Killed Eustachio
  3449 | D:4      | Reached skill level 1 in Invocations
  3472 | D:4      | Learned a level 5 spell: Blade Hands
  3706 | D:5      | Entered Level 5 of the Dungeon
  3716 | D:5      | Found a sand-covered staircase.
  3877 | D:5      | Noticed Grinder
  3880 | D:5      | Paralysed by Grinder for 4 turns
  3996 | D:5      | Noticed Edmund
  4010 | D:5      | Killed Edmund
  4026 | Ossuary  | Entered an ossuary
  4073 | Ossuary  | Reached skill level 8 in Transmutations
  4124 | Ossuary  | Noticed a flying skull
  4131 | Ossuary  | Noticed a flying skull
  4151 | Ossuary  | Noticed a flying skull
  4164 | Ossuary  | Reached ** piety under Cheibriados
  4204 | Ossuary  | Noticed a flying skull
  4291 | Ossuary  | Reached skill level 1 in Armour
  4291 | Ossuary  | Reached XP level 9. HP: 34/61 MP: 5/12
  4578 | D:5      | Found an ancient bone altar of Kikubaaqudgha.
  4727 | D:5      | Found a shadowy altar of Dithmenos.
  4736 | D:5      | Noticed Prince Ribbit
  4759 | D:5      | Killed Prince Ribbit
  4769 | D:5      | Killed Grinder
  5389 | D:6      | Found a radiant altar of Vehumet.
  5600 | D:7      | Found a staircase to the Ecumenical Temple.
  5640 | D:7      | Reached *** piety under Cheibriados
  5973 | D:7      | Found an ancient bone altar of Kikubaaqudgha.
  6611 | D:8      | Reached XP level 10. HP: 61/73 MP: 11/13
  6647 | D:8      | Found a sacrificial altar of Ru.
  7092 | D:8      | Reached **** piety under Cheibriados
  7174 | D:8      | Reached skill level 9 in Transmutations
  7634 | D:9      | Reached ***** piety under Cheibriados
  7689 | D:9      | Noticed a cyan ugly thing
  7699 | D:9      | Killed a cyan ugly thing
  7699 | D:9      | Reached skill level 5 in Invocations
  7741 | D:9      | Found a bloodstained altar of Trog.
  7833 | D:9      | Found a deep blue altar of Sif Muna.
  7917 | D:10     | Entered Level 10 of the Dungeon
  8014 | D:10     | Found Depron's Armour Shoppe.
  8021 | D:10     | Reached skill level 10 in Dodging
  8031 | D:10     | Bought a +2 helmet for 165 gold pieces
  8201 | D:10     | Noticed a hill giant
  8221 | D:10     | Killed a hill giant
  8243 | D:10     | Found Cyhuare's General Store.
  8246 | D:10     | Bought a scroll of identify for 28 gold pieces
  8247 | D:10     | Gained mutation: Your flesh is heat resistant. [potion of beneficial mutation]
  8380 | D:10     | Found Gedynata's Food Shoppe.
  8405 | D:10     | Bought a +2 scale mail of cold resistance for 210 gold pieces
  8460 | D:10     | Noticed a hill giant
  8465 | D:10     | Killed a hill giant
  8465 | D:10     | Reached XP level 11. HP: 78/78 MP: 7/15
  8639 | D:11     | Noticed a hill giant
  8649 | D:11     | Killed a hill giant
  8649 | D:11     | Reached skill level 10 in Transmutations
  8674 | D:11     | Found a staircase to the Orcish Mines.
  8746 | D:11     | Noticed a soul eater
  8752 | D:11     | Reached skill level 11 in Dodging
  8763 | D:11     | Found a staircase to the Lair.
  8829 | D:11     | Reached skill level 10 in Unarmed Combat
  8988 | D:11     | Killed an unseen horror
  8988 | D:11     | Reached skill level 5 in Armour
  9070 | D:11     | Noticed a hill giant
  9084 | D:11     | Killed a hill giant
  9215 | D:11     | Noticed a centaur warrior
  9232 | D:11     | HP: 1/78 [centaur warrior (12)]
  9234 | D:11     | Killed a centaur warrior
  9726 | D:12     | Noticed a hill giant
  9731 | D:12     | Killed a hill giant
  9731 | D:12     | Reached ****** piety under Cheibriados
  9821 | D:12     | Noticed a hill giant
  9826 | D:12     | Reached skill level 12 in Dodging
  9832 | D:12     | Killed a hill giant
  9832 | D:12     | Reached XP level 12. HP: 50/85 MP: 9/17
  9872 | D:12     | Identified a -2 rod of shadows (9/9) (You found it on level 9 of the Dungeon)
  9879 | D:12     | Gained mutation: You have an increased reservoir of magic (+10% MP). [mutagenic meat]
  9880 | D:12     | Gained mutation: You can spit weak poison. [mutagenic meat]
 10094 | D:12     | Noticed Psyche
 10096 | D:12     | Killed Psyche
 10300 | D:12     | Found a sacrificial altar of Ru.
 10543 | D:13     | Found a flagged portal.
 10566 | Bailey   | Entered a bailey
 10652 | Bailey   | Reached skill level 1 in Evocations
 10726 | Bailey   | Reached skill level 5 in Fighting
 11174 | D:13     | Noticed a centaur warrior
 11237 | D:13     | Killed a centaur warrior
 11456 | D:13     | Reached skill level 13 in Dodging
 11583 | D:13     | Got a pearl-encrusted chain mail
 11717 | D:13     | Found a gate to the Vaults.
 11717 | D:13     | Noticed a vault guard
 11728 | D:13     | Killed a vault guard
 11858 | D:13     | Noticed a naga warrior
 11859 | D:13     | Found a large runed door.
 11859 | D:13     | Noticed Erolcha
 11885 | D:13     | Killed Erolcha
 11888 | D:13     | Found a large runed door.
 11949 | D:13     | Identified the +1 chain mail "Unkonismu" {+Inv Int+2} (You found it on level 13 of the Dungeon)
 11973 | D:13     | Found an iron altar of Okawaru.
 11975 | D:13     | Found an iron altar of Okawaru.
 11988 | D:13     | Reached XP level 13. HP: 65/91 MP: 0/20
 12000 | D:13     | Killed a naga warrior
 12000 | D:13     | Reached skill level 5 in Evocations
 12833 | D:15     | Entered Level 15 of the Dungeon
 12914 | D:15     | Gained mutation: You are partially covered in yellow scales (AC +2). [mutagenic meat]
 12972 | D:15     | Found Geitaq's Goods Gallery.
 12989 | D:15     | Found Vusiuhut's Gadget Emporium.
 13052 | D:15     | Found a staircase to the Depths.
 13076 | D:15     | Found a frozen archway.
 13102 | IceCv    | Entered an ice cave
 13240 | IceCv    | Noticed Gargoyl's ghost (novice DsAK)
 13245 | IceCv    | Killed Gargoyl's ghost
 13245 | IceCv    | Reached XP level 14. HP: 106/106 MP: 15/23
 13458 | IceCv    | Reached skill level 14 in Dodging
 13636 | D:15     | Noticed a salamander stormcaller
 13645 | D:15     | Killed a salamander stormcaller
 14297 | Orc:1    | Entered Level 1 of the Orcish Mines
 15237 | Orc:2    | Found Pubbopn's Quality Used Wands.
 15598 | Orc:3    | Noticed Donald
 15604 | Orc:3    | Killed Donald
 15790 | Orc:3    | Found a roughly hewn altar of Beogh.
 15948 | Orc:4    | Entered Level 4 of the Orcish Mines
 16216 | Orc:4    | Found a roughly hewn altar of Beogh.
 16786 | Orc:4    | Found Nycos's Armour Shoppe.
 16786 | Orc:4    | Found Subir's Assorted Antiques.
 16787 | Orc:4    | Found Waif's Jewellery Emporium.
 16787 | Orc:4    | Found Zuekamel's General Store.
 16800 | Orc:4    | Bought a +1 ring of slaying for 84 gold pieces
 16806 | Orc:4    | Bought a runed helmet for 94 gold pieces
 16806 | Orc:4    | Bought a large cabochon ring for 105 gold pieces
 16806 | Orc:4    | Bought a scroll labeled GUS RELOBB for 21 gold pieces
 16830 | Orc:4    | Bought the +0 cloak of Restlessness {rPois Slay+3 Stlth+} for 528 gold pieces
 17028 | Orc:4    | Found a staircase to the Elven Halls.
 17257 | Lair:1   | Entered Level 1 of the Lair of Beasts
 17364 | Lair:1   | Reached skill level 15 in Dodging
 17596 | Lair:1   | Learned a level 2 spell: Repel Missiles
 17661 | Lair:1   | Noticed Gastronok
 17669 | Lair:1   | Killed Gastronok
 17715 | Lair:1   | Reached XP level 15. HP: 102/112 MP: 19/24
 18086 | Lair:2   | Noticed Erica
 18097 | Lair:2   | Killed Erica
 18258 | Lair:2   | Noticed Sonja
 18266 | Lair:2   | Killed Sonja
 19167 | Lair:3   | Found a hole to the Spider Nest.
 19783 | Lair:4   | Reached skill level 1 in Charms
 19786 | Lair:4   | Reached skill level 1 in Air Magic
 19926 | Lair:4   | Noticed karlm's ghost (journeyman GrFi)
 19935 | Lair:4   | Killed karlm's ghost
 20020 | Lair:4   | Gained mutation: You evolve. [potion of beneficial mutation]
 20038 | Lair:4   | Gained mutation: Scrolls take you a little longer to read. [evolution]
 20902 | Lair:5   | Found a dark tunnel.
 20918 | Volcano  | Entered a volcano
 21925 | Lair:6   | Reached skill level 5 in Charms
 22105 | Lair:6   | Reached XP level 16. HP: 118/118 MP: 21/25
 22226 | Lair:6   | Found a staircase to the Swamp.
 22766 | Lair:7   | Identified a scroll of acquirement
 22958 | Lair:7   | Reached skill level 5 in Air Magic
 23561 | Lair:7   | Lost mutation: You can spit weak poison. [evolution]
 23655 | Lair:8   | Entered Level 8 of the Lair of Beasts
 23814 | Lair:8   | Noticed Maud
 23824 | Lair:8   | Killed Maud
 23871 | Lair:8   | Found a staircase to the Slime Pits.
 24118 | Lair:8   | Reached skill level 10 in Invocations
 24211 | Lair:8   | Found a deep blue altar of Sif Muna.
 24254 | Lair:8   | Reached skill level 15 in Unarmed Combat
 24273 | Lair:8   | Reached skill level 16 in Dodging
 24804 | Swamp:1  | Entered Level 1 of the Swamp
 24909 | Swamp:1  | Noticed Josephine
 24915 | Swamp:1  | Killed Josephine
 25503 | Swamp:2  | Engulfed by a cloud of spectral mist

Action                   |  1- 3 |  4- 6 |  7- 9 | 10-12 | 13-15 | 16-18 || total
-------------------------+-------+-------+-------+-------+-------+-------++-------
Melee: Unarmed           |    98 |   163 |   293 |   491 |  1147 |   395 ||  2587
 Cast: Beastly Appendage |    18 |    15 |    15 |     8 |       |       ||    56
       Sticks to Snakes  |     6 |     6 |    15 |     7 |     4 |     1 ||    39
       Spider Form       |     1 |    11 |    25 |    11 |     2 |     3 ||    53
       Blade Hands       |       |       |     1 |    48 |    99 |    27 ||   175
       Repel Missiles    |       |       |       |       |     1 |       ||     1
Invok: Bend Time         |       |       |       |     2 |     1 |       ||     3
       Slouch            |       |       |       |     3 |     5 |     1 ||     9
 Abil: End Transformatio |       |       |       |     2 |     2 |       ||     4
       Evoke Invisibilit |       |       |       |       |     1 |       ||     1
Evoke: Wand              |       |       |     5 |     4 |     7 |       ||    16
       Disc of storms    |       |       |       |     4 |    20 |       ||    24
       Stone of tremors  |       |       |       |     1 |     1 |       ||     2
       Rod               |       |       |       |     1 |       |       ||     1
       Fan of gales      |       |       |       |     1 |       |       ||     1
  Use: Scroll            |       |     2 |     4 |     9 |    15 |     4 ||    34
       Potion            |       |       |       |     3 |     4 |       ||     7
 Stab: Sleeping          |     1 |     2 |     6 |     3 |     2 |     1 ||    15
       Distracted        |       |       |       |     4 |     8 |     3 ||    15
       Betrayed ally     |       |       |       |       |     1 |       ||     1
       Petrified         |       |       |       |       |     3 |       ||     3
  Eat: Chunk             |     3 |     7 |     5 |    30 |    49 |    15 ||   109
       Royal jelly       |       |     1 |       |       |       |       ||     1
       Pizza             |       |       |     1 |       |     1 |       ||     2
       Fruit             |       |       |     4 |     3 |     3 |       ||    10
